 Dungeon Crawl Stone Soup version 0.29.1-13-g9f3cf754e1 (webtiles) character file.

Game seed: 11023571846983975239

7 cdecastro the Grave Robber (level 2, -3/19 HPs)
             Began as a Human Necromancer on Feb 5, 2023.
             Slain by a goblin
             ... wielding a +0 club
              (4 damage)
             ... on level 1 of the Dungeon.
             The game lasted 00:00:31 (208 turns).

cdecastro the Grave Robber (Human Necromancer)       Turns: 208, Time: 00:00:32

Health: -3/19      AC:  2    Str:  8    XL:     2   Next: 5%
Magic:  1/5        EV: 12    Int: 15    God:
Gold:   63         SH:  0    Dex: 13    Spells: 4/5 levels left

rFire   . . .      SeeInvis .   (no weapon)
rCold   . . .      Faith    .   (no shield)
rNeg    . . .      Spirit   .   a - +0 robe
rPois   .          Reflect  .   (no helmet)
rElec   .          Harm     .   (no cloak)
rCorr   .          Rampage  .   (no gloves)
Will    .....                   (no boots)
Stlth   ++........              (no amulet)
HPRegen 0.06/turn               (no ring)
MPRegen 0.09/turn               (no ring)

@: no status effects
A: no striking features
a: no special abilities


You were on level 1 of the Dungeon.
You visited 1 branch of the dungeon, and saw 1 of its levels.

You collected 63 gold pieces.

Inventory:

Armour
 a - a +0 robe (worn)
Potions
 b - a potion of magic
 c - a potion of brilliance {unknown}


   Skills:
 - Level 2.0 Dodging
 - Level 2.0 Stealth
 - Level 2.0 Spellcasting
 + Level 4.4 Necromancy


You had 4 spell levels left.
You knew the following spells:

 Your Spells              Type           Power      Damage    Failure   Level
a - Necrotise             Necr           56%        1d6       3%          1

Your spell library contained the following spells:

 Spells                   Type           Power      Damage    Failure   Level
 Vampiric Draining        Necr           14%        2d7       11%         3
 Animate Dead             Necr           14%        N/A       36%         4
 Agony                    Necr           14%        N/A       71%         5


Dungeon Overview and Level Annotations

Branches:
Dungeon (1/15)

Altars:


Message History

Unknown command.
Unknown command.
You hit the kobold.
You kill the kobold!
You have reached level 2!
You don't have enough magic to cast this spell.
Unknown command.
Unknown command.
You hit the ball python but do no damage.
A quokka comes into view.
The ball python barely misses you. x2
Your goblin skeleton barely misses the ball python.
You barely miss the ball python.
The ball python bites you but does no damage.
The ball python completely misses you.
Your goblin skeleton barely misses the ball python.
You hit the ball python.
The ball python is moderately wounded.
The ball python bites you.
* * * LOW HITPOINT WARNING * * *
The ball python barely misses you. The ball python bites you.
* * * LOW HITPOINT WARNING * * *
The ball python barely misses you.
Your goblin skeleton hits the ball python.
You hit the ball python.
You kill the ball python!
The goblin hits your goblin skeleton with a +0 dagger.
Unknown command.
You hit the goblin.
The goblin is heavily wounded.
Your goblin skeleton hits the goblin.
The goblin hits your goblin skeleton with a +0 dagger.
The goblin hits you with a +0 club.
* * * LOW HITPOINT WARNING * * *
Unknown command.
You hit the goblin but do no damage.
The goblin is severely wounded.
Your goblin skeleton barely misses the goblin.
The goblin hits you with a +0 club.
You die...

###########
#.........#
#.#######.# #.#
#.# #.# #@#
#.#######g####
#.##.....rZ..#
#.#........g.#
#.#..........#
#.#..........#
#.#..........#
#.#^.>........
#.#............


You could see a quokka, 2 goblins and a friendly goblin skeleton.

Vanquished Creatures
  A giant cockroach (D:1)
  A goblin (D:1)
  A kobold (D:1)
  3 ball pythons (D:1)
6 creatures vanquished.

Vanquished Creatures (collateral kills)
  A rat (D:1)
1 creature vanquished.

Grand Total: 7 creatures vanquished

Notes
Turn   | Place    | Note
-------+----------+-------------------------------------------
     0 | D:1      | cdecastro the Human Necromancer began the quest for the
                  | Orb.
     0 | D:1      | Reached XP level 1. HP: 13/13 MP: 3/3
    69 | D:1      | Found a faded altar of an unknown god.
   203 | D:1      | Reached XP level 2. HP: 8/19 MP: 0/5
   208 | D:1      | Slain by a goblin

Illustrated notes

Levels and vault maps discovered:
D:1:      wheals_arrival_linesprint, layout_basic,
          nicolae_ecumenical_snake_handling

Action                   || total
-------------------------++-------
Melee: Unarmed           ||    11
 Cast: Necrotise         ||     8
 Stab: Sleeping          ||     1
Armor: Robe              ||     2
Dodge: Dodged            ||    14
